Kradschützen Motorcycle Team
Construct Light Support Kompanie
Selects L6/40 Light Tank Combat Group
L6/40 Light Tank Combat Group
le.IG 18 Mechanized Group
Construct Panzerarmee Kommand
Selects Defensive Operations
Walking Stuka Rocket Launcher
Selects Territory Booby Traps
Selects Obice 305mm Barrage
Walking Stuka Rocket Launcher
Flak 36 Anti-tank Gun Team
Construct Mechanized Kompanie
18-tonne Recovery Half-track